 Dungeon Crawl Stone Soup version 0.31-a0-700-gf13585253f (webtiles) character file.

Game seed: 13171269696957426023

48 qw the Shooter (level 3, -5/22 HPs)
             Began as a Gargoyle Hunter on Sept 7, 2023.
             Slain by Sigmund
             ... wielding a +1 scythe of protection
              (7 damage)
             ... on level 2 of the Dungeon.
             The game lasted 00:00:28 (943 turns).

qw the Shooter (Gargoyle Hunter)                     Turns: 943, Time: 00:00:29

Health: -5/22      AC:  7    Str: 14    XL:     3   Next: 72%
Magic:  3/3        EV: 11    Int:  9    God:
Gold:   50         SH:  0    Dex: 15    Spells: 2/2 levels left

rFire   . . .        Y - +0 shortbow (freeze)
rCold   . . .        (shield currently unavailable)
rNeg    + + .        c - +0 leather armour
rPois   inf          g - +0 helmet
rElec   +            (no cloak)
rCorr   .            (no gloves)
SInv    .            (no boots)
Will    .....        (no amulet)
Stlth   ++           h - ring of positive energy
HPRegen 0.23/turn    (no ring)
MPRegen 0.08/turn

%: no passive effects
@: no status effects
A: sickness immunity, AC +3, negative energy resistance 1, electricity
resistance, torment resistance 1, petrification resistance
a: no special abilities


You were on level 2 of the Dungeon.
You visited 1 branch of the dungeon, and saw 2 of its levels.

You collected 50 gold pieces.


Innate Abilities, Weirdness & Mutations

You are immune to sickness and miasma.
Your stone body is resilient. (AC +3)
You are immune to poison.
You resist negative energy. (rN+)
You are resistant to electric shocks. (rElec)
You are resistant to unholy torment.
You are immune to petrification.


   Skills:
 + Level 2.9 Fighting
 - Level 5.0 Ranged Weapons
 - Level 1.5 Dodging
 - Level 1.1 Stealth


You had 2 spell levels left.
You didn't know any spells.
Your spell library was empty.

Inventory:

Hand Weapons
 Y - a +0 shortbow of freezing (weapon)
Armour
 c - a +0 leather armour (worn)
 g - a +0 helmet (worn)
Jewellery
 h - a ring of positive energy (left hand)
Potions
 i - a potion of ambrosia {unknown}

Dungeon Overview and Level Annotations

Branches:
Dungeon (2/15)

Altars:

Annotations:
D:2 Sigmund


Message History

Deactivating autopickup; reactivate with Ctrl-A.
You shoot an arrow. The arrow closely misses the adder.
The adder barely misses you.
You shoot an arrow. The arrow barely misses the adder.
The adder barely misses you. Something hits you! The adder closely misses you.
You shoot an arrow. The arrow misses the adder.
The adder bites you but does no damage. Something hits you but does no damage.
The adder bites you but does no damage.
You shoot an arrow. The arrow hits the adder.
The adder seems to slow down.
The arrow freezes the adder.
The adder is lightly wounded.
You shoot an arrow. The arrow misses the adder.
The adder is no longer moving slowly.
Something hits you. The adder bites you but does no damage.
You shoot an arrow. The arrow hits the adder.
The adder seems to slow down.
The arrow freezes the adder.
The adder is heavily wounded.
The adder bites you but does no damage. Something hits you.
You shoot an arrow. The arrow misses the adder.
The adder bites you but does no damage. Something hits you but does no damage.
You shoot an arrow. The arrow hits the adder.
The arrow freezes the adder.
The adder is severely wounded.
The adder is no longer moving slowly.
The adder barely misses you. Something hits you but does no damage.
You shoot an arrow. The arrow barely misses the adder.
The adder bites you but does no damage. The adder misses you.
Something hits you!
You shoot an arrow. The arrow hits the adder.
The adder seems to slow down.
The arrow freezes the adder.
You kill the adder!
You shoot an arrow.
You hear some strange, mumbled words.
A puff of flame appears from out of thin air!
The puff of flame misses you. Something hits you but does no damage.
You shoot an arrow. You shoot an arrow. Something hits you but does no damage.
You shoot an arrow. Something hits you!
You die...

.......<#
.##.....#
#.....########
##............
##...########
##.## #.# #.#
#@# #...#
#..{..#
#.......#
#.........#
+.........+
#.........#
##.......##


There were no monsters in sight!

Vanquished Creatures
  An adder (D:2)
  A dart slug (D:1)
  4 bats (D:1)
  2 endoplasms (D:1)
  2 goblins (D:1)
  3 hobgoblins (D:1)
  4 jackals (D:1)
  2 ball pythons
  9 frilled lizards (D:1)
  4 kobolds (D:1)
  6 rats (D:1)
38 creatures vanquished.

Notes
Turn   | Place    | Note
-------+----------+-------------------------------------------
     0 | D:1      | qw the Gargoyle Hunter began the quest for the Orb.
     0 | D:1      | Reached XP level 1. HP: 12/12 MP: 1/1
     0 | D:1      | 0 ||| qw: Version: 0.3-a-76-g4403597
     0 | D:1      | 0 ||| qw: Game counter: 726
     0 | D:1      | 0 ||| qw: Melee chars always use a shield: true
     0 | D:1      | 0 ||| qw: God list: Okawaru
     0 | D:1      | 0 ||| qw: Allow faded altars: false
     0 | D:1      | 0 ||| qw: Do Orc after clearing Dungeon:15 true
     0 | D:1      | 0 ||| qw: Do second Lair branch before Depths: true
     0 | D:1      | 0 ||| qw: Lair rune preference: random
     0 | D:1      | 0 ||| qw: Goals: Normal
     0 | D:1      | 0 ||| PLANNING D:1-11
    76 | D:1      | Reached XP level 2. HP: 17/17 MP: 2/2
   127 | D:1      | HP: 4/17 [jackal (3)]
   133 | D:1      | HP: 2/17 [jackal (1)]
   306 | D:1      | Reached XP level 3. HP: 19/21 MP: 3/3
   370 | D:1      | Reached skill level 5 in Ranged Weapons
   898 | D:1      | 898 ||| UPGRADING to +0 helmet.
   903 | D:1      | 903 ||| UPGRADING to ring of positive energy.
   904 | D:1      | 904 ||| READING scroll labelled GOHECREZ QATE.
   905 | D:1      | 905 ||| READING scroll labelled GUVVEO QEADOWN.
   906 | D:1      | 906 ||| READING scroll labelled IPARCHO HAERORR.
   907 | D:1      | 907 ||| DROPPING scroll of butterflies.
   924 | D:2      | Noticed Sigmund
   938 | D:2      | HP: 1/22 [something (7)]
   943 | D:2      | Slain by Sigmund

Levels and vault maps discovered:
D:1:      dpeg_arrival_arbitrary_a, layout_loops_ring, minmay_lizard_pond
D:2:      layout_loops_corners, minmay_misc_feat_alley, uniq_sigmund,
          uniq_jessica, uniq_robin

Skill      XL: |  1  2  3 |
---------------+----------+-----
Ranged Weapons | 5 |  5.0
Fighting       | |  2.9
Dodging        | |  1.5
Stealth        | |  1.1

Action                     || total
---------------------------++-------
   Fire: Shortbow          ||   134
    Use: Scroll            ||     3
 Armour: Leather armour    ||    71
  Dodge: Dodged            ||    54

Table legend:
 A = Non-vault XP
 B = Vault XP
 C = Vault XP percentage of total XP
 D = Non-vault monster count
 E = Vault monster count
 F = Vault count percentage of total count
                 A         B        C        D         E       F
            +---------+---------+-------+---------+---------+-------
      Total |      62 |       7 |  10.1 |      31 |       7 |  18.4
            +---------+---------+-------+---------+---------+-------
        D:1 |      48 |       7 |  12.7 |      29 |       7 |  19.4
        D:2 |      14 |       0 |   0.0 |       2 |       0 |   0.0
            +---------+---------+-------+---------+---------+-------
